 Dungeon Crawl Stone Soup version 0.28-a0-87-g9a7839dea9 (webtiles) character file.

Game seed: 15754639531907109021

36 ezpacito the Skirmisher (level 3, 27/29 HPs)
             Began as a Demonspawn Abyssal Knight on Aug 6, 2021.
             Was a Follower of Lugonu.
             Quit the game on level 2 of the Dungeon.
             The game lasted 00:02:26 (1868 turns).

ezpacito the Skirmisher (Demonspawn Abyssal Knight) Turns: 1868, Time: 00:02:26

Health: 27/29      AC:  5    Str: 12    XL:     3   Next: 19%
Magic:  5/5        EV: 11    Int: 13    God:    Lugonu [*.....]
Gold:   42         SH:  0    Dex: 13    Spells: 3/3 levels left

rFire   . . .      SeeInvis .   d - +5 mace
rCold   . . .      Faith    .   (no shield)
rNeg    . . .      Spirit   .   b - +0 leather armour
rPois   .          Reflect  .   (helmet restricted)
rElec   .          Harm     .   (no cloak)
rCorr   .          Rampage  .   e - +1 pair of gloves
Will    .....                   (no boots)
Stlth   +.........              (no amulet)
HPRegen 0.09/turn               (no ring)
MPRegen 0.09/turn               (no ring)

@: no status effects
A: antennae 1, demonic guardian 1
a: Renounce Religion, Depart the Abyss


You were on level 2 of the Dungeon.
You worshipped Lugonu.
Lugonu was aware of your devotion.
You visited 1 branch of the dungeon, and saw 2 of its levels.
You visited the Abyss 1 time.

You collected 42 gold pieces.

Inventory:

Hand Weapons
 a - a +1 hand axe
 d - a +5 mace (weapon)
 h - a +1 vampiric dagger
Missiles
 c - 52 stones (quivered)
Armour
 b - a +0 leather armour (worn)
 e - a +1 pair of gloves (worn)
Magical Staves
 f - a staff of fire
Scrolls
 i - 2 scrolls of identify
Potions
 g - a potion of curing {unknown}
 j - a potion of heal wounds
 k - 2 potions of berserk rage {unknown}


   Skills:
 + Level 3.2 Fighting
 * Level 2.4 Axes
 + Level 0.1 Throwing
 + Level 2.0 Armour
 + Level 1.2 Dodging
 + Level 0.6 Spellcasting
 + Level 2.7 Invocations


You had 3 spell levels left.
You didn't know any spells.
Your spell library contained the following spells:

 Spells                   Type           Power      Damage    Failure   Level
 Sublimation of Blood     Necr           0%         N/A       50%         2
 Petrify                  Tmut/Erth      0%         N/A       98%         4
 Irradiate                Conj/Tmut      0%         3d13      100%        5


Dungeon Overview and Level Annotations

Branches:
Dungeon (2/15)

Altars:


Innate Abilities, Weirdness & Mutations

You have a pair of small antennae on your head.
A weak demonic guardian rushes to your aid.


Message History

The adder is lightly wounded.
The adder barely misses you.
You hit the adder.
The adder is heavily wounded.
The adder barely misses you. The adder misses you.
You closely miss the adder.
The adder is heavily wounded.
The adder misses you. The adder bites you.
You are poisoned.
The adder poisons you!
You hit the adder.
You kill the adder!
Lugonu accepts your kill.
You feel sick.
You have reached level 3!
Your experience leads to an increase in your attributes!
Increase (S)trength, (I)ntelligence, or (D)exterity?
You feel agile.
Your demonic ancestry asserts itself...
A pair of antennae grows on your head!
You feel sick.
You feel sick.
You feel sick.
You feel sick.
You are no longer poisoned.
Your shadow imp disappears in a puff of smoke!
You sense a monster nearby.
A bat comes into view.
The bat hits you but does no damage.
The bat moves out of view.
The bat hits you but does no damage. The bat hits you. The bat hits you.
The bat misses you.
You miss the bat. The bat hits you but does no damage.
The bat closely misses you.
You closely miss the bat. The bat hits you but does no damage. x3
You hit the bat.
You kill the bat!
Lugonu accepts your kill.
No target in view!
No target in view!
Are you sure you want to abandon this character and quit the game? (Confirm with "yes".)

###.# ..#.# ..#.#
..#.# ..#.# ..#.#
..#.# ..#.#
########## ..#.#
.......@.#
..#.#############.#
..................#
..#.###############
..#.)...#..........
#.#+###.#.#########
#.............#
#>......#.###.#
#.......#.....#


There were no monsters in sight!

Vanquished Creatures
  An adder (D:2)
  3 bats
  4 goblins
  4 hobgoblins
  5 kobolds
  3 ball pythons
  4 frilled lizards
  3 rats
27 creatures vanquished.

Vanquished Creatures (collateral kills)
  A dart slug (D:1)
  A ball python (D:1)
2 creatures vanquished.

Vanquished Creatures (others)
  A goblin (D:1)
1 creature vanquished.

Grand Total: 30 creatures vanquished

Notes
Turn   | Place    | Note
-------+----------+-------------------------------------------
     0 | Abyss:1  | ezpacito the Demonspawn Abyssal Knight began the quest for
                  | the Orb.
     0 | Abyss:1  | Reached XP level 1. HP: 18/18 MP: 2/2
    35 | Abyss:1  | Noticed a small abomination
    56 | Abyss:1  | Noticed a small abomination
    59 | Abyss:1  | Noticed a tentacled starspawn
    63 | Abyss:1  | Noticed a large abomination
    68 | D:1      | Escaped the Abyss
   133 | D:1      | Found a faded altar of an unknown god.
   262 | D:1      | Reached skill level 1 in Dodging
   403 | D:1      | Gained mutation: A weak demonic guardian rushes to your
                  | aid. [demonic ancestry]
   403 | D:1      | Reached XP level 2. HP: 8/24 MP: 3/3
   438 | D:1      | Reached * piety under Lugonu
  1713 | D:2      | Gained mutation: You have a pair of small antennae on your
                  | head. [demonic ancestry]
  1713 | D:2      | Reached XP level 3. HP: 22/29 MP: 5/5
  1868 | D:2      | Quit the game

Illustrated notes

Levels and vault maps discovered:
D:1:      saegor_arrival_simple_d, layout_loops_ring,
          chequers_ecumenical_altar_simple, minmay_misc_feat_four_crosses,
          st_stairs_5, lemuel_old_faithful
D:2:      layout_basic, lightli_corner_chamber

Skill      XL: |  1  2 |
---------------+-------+-----
Dodging        | 1 |  1.2
Axes           | 2 |  2.4
Armour         | 2 |  2.0
Fighting       | |  3.2
Throwing       | |  0.1
Spellcasting   | |  0.6
Invocations    | |  2.7

Action                   || total
-------------------------++-------
Melee: Hand axe          ||    66
       Mace              ||    23
Invok: Depart the Abyss  ||     1
  Use: Scroll            ||     3
Armor: Leather armour    ||    49
Dodge: Dodged            ||    79

Table legend: (Time is in decaauts)
 A = Elapsed time spent in this place.
 B = Non-inter-level travel time spent in this place.
 C = Inter-level travel time spent in this place.
 D = Time resting spent in this place.
 E = Time spent auto-exploring this place.
 F = Levels seen in this place.
 G = Mean time per level.
                   A        B        C        D        E       F      G
               +--------+--------+--------+--------+--------+-----+--------+
         Total |   1888 |   1849 |     39 |     68 |   1453 |   3 |  629.3 |
       Dungeon |   1820 |   1781 |     39 |     68 |   1418 |   2 |  910.0 |
         Abyss |     68 |     68 |      0 |      0 |     35 |   1 |   68.0 |
               +--------+--------+--------+--------+--------+-----+--------+

Top non-repeatable levels by time:
     D:1: 1257 daAuts
     D:2: 562 daAuts
 Abyss:1: 68 daAuts
